 Dungeon Crawl Stone Soup version 0.30.1 (webtiles) character file.

Game seed: 16472800194006264552

14 AIAndy the Shooter (level 2, -2/23 HPs)
             Began as a Barachi Hunter on July 4, 2023.
             Succumbed to a kobold's poison
             ... on level 1 of the Dungeon.
             The game lasted 00:01:18 (119 turns).

AIAndy the Shooter (Barachi Hunter)                  Turns: 119, Time: 00:01:19

Health: -2/23      AC:  3    Str: 11 (12) XL:     2   Next: 41%
Magic:  2/2        EV: 11    Int:  6 (9)  God:
Gold:   13         SH:  0    Dex: 12 (15) Spells: 1/1 levels left

rFire   . . .        a - +0 shortbow
rCold   . . .        (shield currently unavailable)
rNeg    . . .        c - +0 leather armour
rPois   .            (no helmet)
rElec   .            (no cloak)
rCorr   .            (no gloves)
SInv    .            (no boots)
Will    .....        (no amulet)
Stlth   +            (no ring)
HPRegen 0.23/turn    (no ring)
MPRegen 0.08/turn

%: no passive effects
@: lethally poisoned (-2 -> -12), attractive, slow
A: amphibious, slowness 1, strong legs 1, +LOS
a: Hop


You were on level 1 of the Dungeon.
You visited 1 branch of the dungeon, and saw 1 of its levels.

You collected 13 gold pieces.

Inventory:

Hand Weapons
 a - a +0 shortbow (weapon)
Armour
 c - a +0 leather armour (worn)
Scrolls
 b - a scroll of immolation
Potions
 d - a potion of degeneration


   Skills:
 - Level 2.4 Fighting
 + Level 4.6 Ranged Weapons
 - Level 2.1 Dodging
 - Level 0.8 Stealth


You had one spell level left.
You didn't know any spells.
Your spell library was empty.

Dungeon Overview and Level Annotations

Branches:
Dungeon (1/15)

Altars:


Innate Abilities, Weirdness & Mutations

You are amphibious.
You cover ground slowly.
You can hop short distances.
You have an extended range of vision and can be seen from far away.


Message History

You shoot an arrow. The arrow hits the quokka!
You kill the quokka!
HP restored.
You see here a quokka corpse.
As you open the door, it creaks loudly!
A kobold comes into view. It is wielding a +2 dagger of venom.
The kobold shouts!
You shoot an arrow. The arrow hits the kobold.
The kobold is moderately wounded.
The kobold hits you but does no damage.
You are poisoned.
You shoot an arrow. The arrow hits the kobold.
The kobold is heavily wounded.
You feel sick.
The kobold hits you with a +2 dagger of venom.
You are more poisoned.
You shoot an arrow. The arrow barely misses the kobold.
You feel very sick.
An endoplasm comes into view.
The kobold hits you with a +2 dagger of venom.
You are lethally poisoned!
You shoot an arrow. The arrow hits the kobold.
You kill the kobold!
You feel very sick.
It was a potion of degeneration.
There was something very wrong with that liquid.
You feel weakened.
You feel dopey.
You feel clumsy.
* * * LOW HITPOINT WARNING * * *
You feel very sick.
It was a potion of attraction.
You feel attractive to monsters.
* * * LOW HITPOINT WARNING * * *
You feel very sick. The endoplasm is attracted toward you.
Hop to where?
Press: ? - help, Q - select action, (/) - cycle Dir - move target, f - you
Okay, then.
You shoot an arrow. The arrow hits the endoplasm.
The endoplasm is almost dead.
You die...

#......###### .
##)........... . #
#........# #.# ..# ####.
#........# #.# ..#
...†..##.#......###.##..#
.........................
..#...###†#####........(..
......###.# ######.#.###
.....§..J@# #...# #
.########)# #####...##.
... ###.......... #....
+.........##.
#.....###..........
#.....# #..........
#.....# #.###...#..
#.....# ## #.#.... #.....#
#.###..


You could see an endoplasm.

Vanquished Creatures
  An endoplasm (D:1)
  2 goblins (D:1)
  A hobgoblin (D:1)
  A quokka (D:1)
  2 ball pythons (D:1)
  A bat (D:1)
  3 kobolds (D:1)
  A rat (D:1)
12 creatures vanquished.

Notes
Turn   | Place    | Note
-------+----------+-------------------------------------------
     0 | D:1      | AIAndy the Barachi Hunter began the quest for the Orb.
     0 | D:1      | Reached XP level 1. HP: 17/17 MP: 1/1
    33 | D:1      | Reached XP level 2. HP: 23/23 MP: 2/2
   118 | D:1      | HP: 1/23 [poisoned by a kobold]
   119 | D:1      | Succumbed to a kobold's poison

Illustrated notes

Levels and vault maps discovered:
D:1:      beargit_arrival_greenhouse, layout_basic,
          shapermc_ecumenical_altar_venn, minmay_ruptured

Action                     || total
---------------------------++-------
   Fire: Shortbow          ||    37
    Use: Potion            ||     2
 Armour: Leather armour    ||     3
  Dodge: Dodged            ||     9
